 Dungeon Crawl Stone Soup version 0.17.1-3-g152610e (webtiles) character file.

785 Charly the Ruffian (level 7, -4/35 HPs)
             Began as a Vine Stalker Assassin on Apr 25, 2016.
             Slain by an ice beast (9 damage)
             ... on level 7 of the Dungeon.
             The game lasted 00:11:54 (720 turns).

Charly the Ruffian (Vine Stalker Assassin)           Turns: 720, Time: 00:11:55

Health: -4/35      AC: 12    Str: 18    XL:     7   Next: 86%
Magic:  0/7        EV: 10    Int: 11    God:
Gold:   53         SH:  0    Dex: 19    Spells: 0 memorised, 6 levels left

rFire  . . .     SeeInvis .       - Unarmed
rCold  . . .     Clarity  .     j - +0 chain mail
rNeg   . . .     SustAt   .     (no shield)
rPois  .         Gourm    .     (no helmet)
rElec  .         Spirit   +     d - +0 cloak
rCorr  .         Warding  .     (no gloves)
rMut   .         Stasis   .     m - +0 pair of boots
MR     .....                    (no amulet)
Stlth  ..........               (no ring)
                                k - +4 ring of dexterity

@: not resistant to hostile enchantments, extremely unstealthy
A: fangs 2, repulsion field 1, yellow scales 1, low mp 1, regeneration 2, strong
1, magic shield, antimagic bite, no device heal 3, rot immunity
a: no special abilities


You were on level 7 of the Dungeon.
You were full.

You visited 1 branch of the dungeon, and saw 8 of its levels.

You collected 109 gold pieces.
You spent 56 gold pieces at shops.

Inventory:

Hand Weapons
 a - a +1 dagger of venom
 b - a +0 blowgun
Missiles
 e - 2 poisoned needles
 f - a curare-tipped needle
Armour
 c - a +0 robe
 d - a +0 cloak (worn)
 j - a +0 chain mail (worn)
 m - a +0 pair of boots (worn)
Jewellery
 k - a +4 ring of dexterity (left hand)
Potions
 h - 2 potions of might
 i - a potion of lignification
 n - a potion of brilliance {unknown}
Comestibles
 g - 2 bread rations
 l - a meat ration


   Skills:
 + Level 2.6 Fighting
 - Level 1.7 Short Blades
 - Level 1.7 Throwing
 + Level 1.3 Armour
 + Level 1.7 Dodging
 - Level 4.8 Stealth
 * Level 7.5 Unarmed Combat


You had 6 spell levels left.
You didn't know any spells.

Dungeon Overview and Level Annotations

Branches:
Dungeon (8/15)
 Temple: D:4-7         Lair: D:8-11

Altars:

Shops:
D:7 !


Innate Abilities, Weirdness & Mutations

You have extremely sharp teeth.
You heal very quickly.
When hurt, damage is shared between your health and your magic reserves.
Your bite disrupts and absorbs the magic of your enemies.
Potions and wands cannot restore your health.
You are immune to rotting.
You are surrounded by a mild repulsion field (EV +2).
You are partially covered in yellow scales (AC +2).
Your magical capacity is low (-10% MP).
Your muscles are strong. (Str +2)


Message History

The ice beast is almost dead.
The crimson imp completely misses you.
The ice beast hits you but does no damage.
The crimson imp hits you but does no damage.
You hit the ice beast. Your bite misses the ice beast.
The ice beast is almost dead.
The crimson imp hits you but does no damage.
You hit the ice beast but do no damage. Your bite misses the ice beast.
The ice beast is almost dead.
The crimson imp closely misses you.
The ice beast hits you but does no damage.
The crimson imp puffs mist at you.
You see here a mace.
You hit the ice beast but do no damage.
The ice beast is almost dead.
The crimson imp hits you but does no damage.
The ice beast hits you.
* * * LOW HITPOINT WARNING * * *
The ice beast freezes you!
You die...

#####+## ######
#......#####......
#.................
##.................
..........Y@.......
..........5.......#
###.......####..
########.........#
..#.
###....#.....#.....#
..#.
#......#.....#.....#
....
#......#.....#.....#
....
......#.....#.....#
...
#....#....##.....# #


You could see an ice beast and a crimson imp.

Vanquished Creatures
  Edmund (D:4)
  An orc warrior (D:7)
  2 sky beasts
  A necrophage (D:7)
  An ogre (D:7)
  A giant frog zombie (D:7)
  An orc priest (D:7)
  An orc wizard (D:5)
  A hound (D:7)
  A worker ant (D:7)
  4 adders
  8 orcs
  A giant cockroach (D:4)
  4 hobgoblins (D:1)
  5 jackals
  A ball python (D:1)
  4 giant geckos
  A giant newt (D:3)
  A kobold (D:1)
40 creatures vanquished.

Notes
Turn   | Place    | Note
--------------------------------------------------------------
     0 | D:1      | Charly the Vine Stalker Assassin began the quest for the Orb.
     0 | D:1      | Reached XP level 1. HP: 11/11 MP: 2/2
    21 | D:1      | Reached skill level 1 in Unarmed Combat
    60 | D:1      | Reached XP level 2. HP: 4/15 MP: 1/3
   149 | D:3      | Reached XP level 3. HP: 4/18 MP: 1/4
   231 | D:4      | Noticed Edmund
   257 | D:4      | Killed Edmund
   257 | D:4      | Reached XP level 4. HP: 11/23 MP: 2/5
   257 | D:4      | Reached XP level 5. HP: 12/26 MP: 2/6
   269 | D:5      | Entered Level 5 of the Dungeon
   277 | D:5      | Reached skill level 5 in Unarmed Combat
   366 | D:7      | Noticed an orc warrior
   379 | D:7      | Killed an orc warrior
   379 | D:7      | Reached skill level 6 in Unarmed Combat
   379 | D:7      | Gained mutation: You heal very quickly. [Vine Stalker growth]
   379 | D:7      | Reached XP level 6. HP: 21/30 MP: 5/7
   388 | D:6      | Noticed a sky beast
   421 | D:6      | Killed a sky beast
   449 | D:7      | Noticed a sky beast
   467 | D:7      | Killed a sky beast
   467 | D:7      | Reached skill level 1 in Dodging
   467 | D:7      | Reached skill level 7 in Unarmed Combat
   467 | D:7      | Reached XP level 7. HP: 33/35 MP: 8/8
   478 | D:7      | Gained mutation: You are partially covered in yellow scales (AC +2). [mutagenic meat]
   479 | D:7      | Gained mutation: You are surrounded by a mild repulsion field (EV +2). [mutagenic meat]
   480 | D:7      | Gained mutation: Your magical capacity is low (-10% MP). [mutagenic meat]
   481 | D:7      | Gained mutation: Your muscles are strong. (Str +2) [mutagenic meat]
   493 | D:8      | Noticed an ogre
   509 | D:7      | Killed an ogre
   509 | D:7      | Reached skill level 1 in Armour
   531 | D:7      | Found Buebloul's Distillery.
   537 | D:7      | Bought a potion of might for 56 gold pieces
   631 | D:7      | Noticed a necrophage
   646 | D:7      | Killed a necrophage
   695 | D:7      | Noticed an ice beast
   720 | D:7      | Slain by an ice beast

Action                   |  1- 3 |  4- 6 |  7- 9 || total
-------------------------+-------+-------+-------++-------
Melee: Whip              |    44 |    10 |       ||    54
       Dagger            |     2 |    44 |    19 ||    65
       Unarmed           |       |       |    33 ||    33
 Fire: Blowgun           |    10 |     1 |       ||    11
  Use: Scroll            |     3 |     2 |     2 ||     7
 Stab: Sleeping          |     1 |       |       ||     1
  Eat: Pizza             |     1 |       |     1 ||     2
       Chunk             |       |       |     5 ||     5
       Royal jelly       |       |       |     1 ||     1
